 Dungeon Crawl Stone Soup version 0.17.0-28-g6e173f8 (webtiles) character file.

4309 plasmid the Grappler (level 10, -12/88 HPs)
             Began as a Troll Monk on Dec 3, 2015.
             Was a Priest of Qazlal.
             Killed from afar by a killer bee (18 damage)
             ... with an exploding inner flame
             ... hexed by the player character
             ... on level 9 of the Dungeon.
             The game lasted 01:02:20 (6900 turns).

plasmid the Grappler (Troll Monk)                   Turns: 6900, Time: 01:02:23

Health: -12/88     AC:  8    Str: 24    XL:     10   Next: 11%
Magic:  12/12      EV: 12    Int:  9    God:    Qazlal [***...]
Gold:   344        SH:  4    Dex: 12    Spells: 0 memorised, 9 levels left

rFire  . . .     SeeInvis .       - Unarmed
rCold  . . .     Clarity  +     a - +1 robe
rNeg   . . .     SustAt   .     (no shield)
rPois  .         Gourm    +     (helmet restricted)
rElec  +         Spirit   .     d - +2 cloak
rCorr  .         Warding  .     (gloves unavailable)
rMut   .         Stasis   .     (boots unavailable)
MR     .....                    G - amulet of clarity
Stlth  ++........               R - ring of stealth
                                I - +3 ring of intelligence

@: lethally poisoned (-12 -> -64), very slightly contaminated, hasted, drained,
very quick, not resistant to hostile enchantments, unstealthy
A: unfitting armour, claws 3, deformed body, fast metabolism 3, gourmand,
regeneration 2, shaggy fur 1, electricity resistance, tough skin 2
a: Upheaval, Elemental Force, Renounce Religion


You were on level 9 of the Dungeon.
You worshipped Qazlal.
Qazlal was most pleased with you.
You were very full.

You visited 2 branches of the dungeon, and saw 10 of its levels.

You collected 344 gold pieces.

Inventory:

Hand Weapons
 c - a +0 hand axe of chopping
 e - a +2 trident of piercing
 p - a +2 dagger of draining
 r - a +2 mace of holy wrath
 w - a +2 hunting sling of flaming
 O - a +2 trident of protection
 V - a +1 whip of electrocution
 X - a +1 mace of protection
Missiles
 j - a throwing net (quivered)
 l - 131 stones
 s - 4 javelins of penetration
 t - 14 poisoned needles
 J - 15 sling bullets of flame
 W - 17 silver bolts
 Y - 4 tomahawks
Armour
 a - a +1 robe (worn)
 d - a +2 cloak (worn)
 M - the +3 robe of Responsibility {rN+ Str-5 Int+8 Stlth+}
   (You found it on level 5 of the Dungeon)

   It affects your strength (-5).
   It affects your intelligence (+8).
   It protects you from negative energy.
   It makes you more stealthy.
 T - a +0 cloak of invisibility
Magical Staves
 A - a cursed staff of air {unknown}
Jewellery
 u - an uncursed amulet of resist mutation
 B - an uncursed ring of wizardry
 G - an amulet of clarity (around neck)
 I - a +3 ring of intelligence (left claw)
 P - an uncursed amulet of stasis
 R - a ring of stealth (right claw)
Wands
 y - a wand of confusion (17)
 K - a wand of draining (3)
 Q - a wand of disintegration (24)
Scrolls
 n - 2 scrolls of amnesia
 o - a scroll of enchant armour
 q - 6 scrolls of remove curse
 x - 2 scrolls of magic mapping
 C - a scroll of identify
 F - a scroll of enchant weapon
Potions
 f - 4 potions of agility
 i - a potion of curing
 L - a potion of cure mutation
Comestibles
 b - 8 bread rations
 g - a beef jerky
 h - 13 fruits
 m - 6 chunks of flesh
 z - a royal jelly


   Skills:
 - Level 2.4(2.1) Fighting
 + Level 5.9(5.6) Dodging
 - Level 1.1(0.8) Stealth
 * Level 12.4(12.0) Unarmed Combat
 + Level 4.7(4.5) Invocations


You had 9 spell levels left.
You didn't know any spells.

Dungeon Overview and Level Annotations

Branches:
Dungeon (9/15)             Temple (1/1) D:5
   Lair: D:8-11         Orc: D:9-12

Altars:
Ashenzari
Cheibriados
Dithmenos
Elyvilon
Fedhas
Kikubaaqudgha
Makhleb
Okawaru
Qazlal
Ru
Sif Muna
Trog
Vehumet
Xom
Yredelemnul

Shops:
D:4 =   D:7 }


Innate Abilities, Weirdness & Mutations

You are too large for most types of armour.
You have claws for hands.
Your metabolism is lightning-fast.
You like to eat raw meat.
You heal very quickly.
You are covered in fur (AC +1).
You have very tough skin (AC +2).
Armour fits poorly on your strangely shaped body.
You are resistant to electric shocks.


Message History

The killer bee is moderately wounded.
You feel very sick. The killer bee closely misses you.
You block the killer bee's attack. You block the killer bee's attack.
The killer bee stings you but does no damage. x2
You block the killer bee's attack.
You mangle the killer bee!!
The killer bee explodes!
The fiery explosion engulfs you!
* * * LOW HITPOINT WARNING * * *
The fiery explosion engulfs the killer bee.
The killer bee explodes!
The fiery explosion engulfs the killer bee.
The killer bee is severely wounded.
The fiery explosion engulfs the killer bee.
The killer bee explodes!
The fiery explosion engulfs the killer bee.
The killer bee explodes!
The fiery explosion engulfs you!
You die...

#........# #.... #........#
#.... #........# ####+
#####.#### #....# ###
######'## #.# #.§.....# #.#
# ####§y§....# #.# .#
#..@y§y....#
#.#####.#.....##§§§....#####
y #.).#...+.###
#§§§....'...## yy #)###.###
#.......###y.#%y% #.).#.#.#
#.......# ##.'..% #.#.#.#.#
#.......# ###.%. #.#.....#
#.......# ### ######'##
###'##### #.## ###.#


You could see a queen bee (inner flame) and 2 killer bees.

Vanquished Creatures
  A centaur warrior (D:8)
  Grinder (D:4)
  Sigmund (D:4)
  5 ogres
  3 ice beasts
  2 sky beasts
  A black bear (D:8)
  3 orc warriors
  A phantom (D:7)
  4 giant frogs
  3 scorpions
  3 wights (D:9)
  A crimson imp (D:5)
  4 killer bees (D:9)
  A jelly (D:4)
  2 quasits (D:8)
  A giant frog zombie (D:8)
  12 orc wizards
  7 orc priests
  A centaur skeleton (D:8)
  A centaur zombie (D:8)
  2 iguanas
  2 hounds
  3 worker ants
  A hound zombie (D:7)
  A worker ant zombie (D:8)
  Robin (D:4)
  8 adders
  4 gnolls (D:3)
  A shadow imp (D:9)
  An adder skeleton (D:6)
  A worm (D:2)
  5 giant geckos
  45 orcs
  6 giant cockroaches
  11 hobgoblins
  7 bats
  13 giant newts
  12 goblins
  7 jackals
  A jackal skeleton (D:4)
  8 kobolds
  4 quokkas
  A quokka skeleton (D:7)
  7 rats
  4 plants (D:9)
214 creatures vanquished.

Notes
Turn   | Place    | Note
--------------------------------------------------------------
     0 | D:1      | plasmid the Troll Monk began the quest for the Orb.
     0 | D:1      | Reached XP level 1. HP: 22/22 MP: 0/0
    78 | D:1      | Reached XP level 2. HP: 7/29 MP: 1/1
   794 | D:1      | Reached skill level 5 in Unarmed Combat
   794 | D:1      | Reached XP level 3. HP: 36/36 MP: 2/2
  1037 | D:2      | Found a faded altar to an unknown god.
  1449 | D:2      | Reached XP level 4. HP: 42/44 MP: 3/3
  1898 | D:3      | Gained mutation: Your magical capacity is low (-10% MP). [potion of mutation]
  1898 | D:3      | Gained mutation: You are partially covered in molten scales (AC +1). [potion of mutation]
  1993 | D:3      | Reached skill level 6 in Unarmed Combat
  2243 | D:3      | Reached XP level 5. HP: 42/50 MP: 3/3
  2405 | D:3      | Reached skill level 7 in Unarmed Combat
  2465 | D:4      | Noticed Robin
  2480 | D:4      | Killed Robin
  2574 | D:4      | Found Couheg's Jewellery Shoppe.
  2591 | D:4      | Noticed Grinder
  2604 | D:4      | Killed Grinder
  2604 | D:4      | Reached skill level 8 in Unarmed Combat
  2604 | D:4      | Reached XP level 6. HP: 29/59 MP: 4/4
  2756 | D:4      | Lost mutation: You are partially covered in molten scales (AC +1). [potion of cure mutation]
  2756 | D:4      | Lost mutation: Your magical capacity is low (-10% MP). [potion of cure mutation]
  2956 | D:4      | Noticed Sigmund
  2984 | D:5      | Entered Level 5 of the Dungeon
  3031 | D:5      | Reached XP level 7. HP: 58/66 MP: 6/6
  3058 | D:5      | Gained mutation: You can spit weak poison. [mutagenic meat]
  3061 | D:5      | Gained mutation: You are weak. (Str -2) [mutagenic meat]
  3062 | D:5      | Gained mutation: You are very weak. (Str -4) [mutagenic meat]
  3063 | D:5      | Lost mutation: You can spit weak poison. [potion of cure mutation]
  3063 | D:5      | Lost mutation: You are very weak. (Str -4) [potion of cure mutation]
  3063 | D:5      | Lost mutation: You are weak. (Str -2) [potion of cure mutation]
  3064 | D:5      | Gained mutation: You can spit weak poison. [mutagenic meat]
  3159 | D:4      | Killed Sigmund
  3159 | D:4      | Reached skill level 9 in Unarmed Combat
  3345 | D:4      | Found a blossoming altar of Fedhas.
  3345 | D:4      | Found an iron altar of Okawaru.
  3653 | D:5      | Found a shattered altar of Ashenzari.
  3728 | D:5      | Reached XP level 8. HP: 74/74 MP: 7/7
  3759 | D:5      | Got a transparent robe
  3784 | D:5      | Reached skill level 10 in Unarmed Combat
  3802 | D:5      | Identified the +3 robe of Responsibility {rN+ Str-5 Int+8 Stlth+} (You found it on level 5 of the Dungeon)
  3948 | D:5      | Found a staircase to the Ecumenical Temple.
  3954 | Temple   | Entered the Ecumenical Temple
  4020 | Temple   | Became a worshipper of Qazlal Stormbringer
  4020 | Temple   | Reached * piety under Qazlal
  4020 | Temple   | Reached ** piety under Qazlal
  4411 | D:6      | Reached skill level 1 in Invocations
  4810 | D:7      | Found Ifozaej's Gadget Boutique.
  5020 | D:7      | Reached *** piety under Qazlal
  5277 | D:8      | Reached skill level 11 in Unarmed Combat
  5277 | D:8      | Reached XP level 9. HP: 80/80 MP: 10/10
  5335 | D:8      | Gained mutation: Armour fits poorly on your strangely shaped body. [mutagenic meat]
  5336 | D:8      | Gained mutation: You are resistant to electric shocks. [mutagenic meat]
  5337 | D:8      | Lost mutation: You can spit weak poison. [mutagenic meat]
  5665 | D:8      | Found a shimmering altar of Xom.
  5670 | D:8      | Reached skill level 5 in Dodging
  6014 | D:8      | Noticed a centaur warrior
  6025 | D:8      | Killed a centaur warrior
  6025 | D:8      | Reached skill level 12 in Unarmed Combat
  6143 | D:8      | Reached **** piety under Qazlal
  6759 | D:9      | Reached XP level 10. HP: 88/88 MP: 12/12
  6900 | D:9      | Killed from afar by a killer bee

Action                   |  1- 3 |  4- 6 |  7- 9 | 10-12 || total
-------------------------+-------+-------+-------+-------++-------
Melee: Unarmed           |   112 |   147 |   271 |    20 ||   550
Throw: Stone             |       |     1 |     1 |       ||     2
Invok: Upheaval          |       |       |     1 |     1 ||     2
       Elemental Force   |       |       |       |     1 ||     1
Evoke: Wand              |       |       |       |     1 ||     1
  Use: Potion            |     1 |     7 |     2 |     5 ||    15
       Scroll            |       |     4 |    13 |     4 ||    21
 Stab: Sleeping          |     1 |       |     2 |       ||     3
  Eat: Chunk             |    14 |    16 |    39 |     3 ||    72
       Bread ration      |       |       |     1 |       ||     1
       Fruit             |       |       |     1 |       ||     1
